 Dungeon Crawl Stone Soup version 0.28-a0-1143-gcf6077d4cc (webtiles) character file.

Game seed: 5255472081466941681

2800 tilp the Frost Mage (level 9, 37/37 HPs)
             Began as a Felid Ice Elementalist on Dec 13, 2021.
             Was a Believer of Ru.
             Quit the game on level 10 of the Dungeon.
             The game lasted 00:19:00 (15867 turns).

tilp the Frost Mage (Felid Ice Elementalist)       Turns: 15867, Time: 00:19:01

Health: 37/37      AC:  6    Str:  4    XL:     9   Next: 44%
Magic:  19/19      EV: 19    Int: 20    God:    Ru [**....]
Gold:   332        SH:  0    Dex: 16    Spells: 9/20 levels left
                                        Lives:  1   Deaths: 1

rFire   + . .      SeeInvis +     - Unarmed
rCold   . . .      Faith    .   (shield unavailable)
rNeg    . . .      Spirit   .   (armour unavailable)
rPois   .          Reflect  .   (helmet unavailable)
rElec   .          Harm     .   (cloak unavailable)
rCorr   .          Rampage  .   (gloves unavailable)
Will    +....                   (boots unavailable)
Stlth   ++++......              (no amulet)
HPRegen 0.12/turn               t - +4 ring of protection
MPRegen 0.16/turn               l - ring of protection from fire

@: quick
A: very small, claws 1, fangs 3, see invisible, dopey 1, speed 1, shaggy fur 2,
cowardly, stealthy paws, no weapons or thrown items, no armour, multi-lived
a: Renounce Religion


You were on level 10 of the Dungeon.
You worshipped Ru.
Ru was pleased with you.
You visited 2 branches of the dungeon, and saw 11 of its levels.

You collected 440 gold pieces.
You spent 108 gold pieces at shops.

Inventory:

Jewellery
 h - a +4 ring of evasion
 l - a ring of protection from fire (right paw)
 m - a ring of protection from cold
 t - a +4 ring of protection (left paw)
Wands
 f - a wand of polymorph (13)
 j - a wand of acid (4)
 u - a wand of iceblast (1)
Scrolls
 o - 6 scrolls of teleportation
 p - a scroll of amnesia
 s - a scroll of blinking
 v - a scroll of fear
Potions
 a - a potion of haste
 b - 4 potions of curing
 c - 4 potions of brilliance
 d - a potion of lignification
 e - 2 potions of invisibility
 g - 3 potions of attraction
 i - 3 potions of might
 k - a potion of flight {unknown}
 n - 5 potions of mutation
 q - 3 potions of degeneration {unknown}
 r - 2 potions of berserk rage {unknown}
 w - a potion of resistance {unknown}


   Skills:
 + Level 3.0 Fighting
 + Level 5.0 Dodging
 + Level 6.9 Stealth
 * Level 5.2 Unarmed Combat
 - Level 6.0 Spellcasting
 - Level 8.0 Conjurations
 - Level 8.0 Ice Magic


You had 9 spell levels left.
You knew the following spells:

 Your Spells              Type           Power      Damage    Failure   Level
a - Freeze                Ice            100%       1d11      1%          1
b - Frozen Ramparts       Ice            76%        1d9       1%          3
c - Ozocubu's Armour      Ice            38%        N/A       1%          3
d - Hailstorm             Conj/Ice       38%        3d9       3%          4

Your spell library contained the following spells:

 Spells                   Type           Power      Damage    Failure   Level
 Foxfire                  Conj/Fire      88%        2x1d8     1%          1
 Magic Dart               Conj           100%       1d8       1%          1
 Searing Ray              Conj           76%        2d7       1%          2
 Conjure Flame            Conj/Fire      22%        6-21      6%          3
 Sting                    Tmut/Pois      24%        1d4       11%         1
 Flame Wave               Conj/Fire      22%        2d6       21%         4
 Fulminant Prism          Conj/Hex       11%        3d9       21%         4
 Ice Form                 Ice/Tmut       22%        N/A       21%         4
 Inner Flame              Hex/Fire       6%         N/A       30%         3
 Vampiric Draining        Necr           6%         2d6       30%         3
 Simulacrum               Ice/Necr       11%        N/A       97%         6
 Infestation              Necr           3%         N/A       100%        8


Dungeon Overview and Level Annotations

Branches:
Dungeon (10/15)            Temple (1/1) D:5             Orc (0/2) D:9
   Lair: D:8-11

Altars:
Ashenzari
Cheibriados
Dithmenos
Elyvilon
Fedhas
Gozag
Hepliaklqana
Kikubaaqudgha
Makhleb
Nemelex Xobeh
Okawaru
Qazlal
Ru
Sif Muna
Trog
Uskayaw
Vehumet
Wu Jian
Xom
Yredelemnul
Zin
The Shining One
Beogh

Shops:
D:3 !

Annotations:
D:3 Grinder
D:5 3 runed translucent doors, Gwenloh's ghost, novice MfTm
D:6 Dowan, Duvessa
D:7 2 transporters


Innate Abilities, Weirdness & Mutations

You have sharp claws.
You have razor-sharp teeth.
You have supernaturally acute eyesight. (SInv)
You are dopey. (Int -2)
You cover ground quickly. (Speed+)
You are covered in thick fur. (AC +2)
Your cowardice makes you less effective in combat with threatening foes.
Your paws help you pounce on unaware monsters.
You are incapable of wielding weapons or throwing items.
You cannot wear armour.
You gain extra lives every three experience levels.


Message History

Casting: Frozen Ramparts (safe; 1% risk of failure)
Press: ? - help, Dir - look around, f - activate The walls around you are covered in ice.
Unknown command.
You scratch the troll. You bite the troll, but do no damage.
The troll is lightly wounded.
The troll completely misses you. The troll misses you. The troll claws you!
You claw the troll!
The troll is moderately wounded.
The troll bites you. The troll claws you. The troll misses you.
You scratch the troll but do no damage.
The troll is moderately wounded.
The troll closely misses you. The troll claws you but does no damage.
The troll barely misses you.
You scratch the troll.
The troll is moderately wounded.
The troll closely misses you. The troll barely misses you.
The troll completely misses you.
You claw the troll!
The troll is heavily wounded.
The troll bites you. The troll claws you.
* * * LOW HITPOINT WARNING * * *
The troll claws you.
* * * LOW HITPOINT WARNING * * *
You scratch the troll.
The troll is severely wounded.
The troll bites you.
* * * LOW HITPOINT WARNING * * *
The troll completely misses you. The troll claws you but does no damage.
You scratch the troll but do no damage.
The troll is severely wounded.
The troll bites you!
You die...
The troll completely misses you. The troll barely misses you.
You are now level 9!
You rejoin the land of the living...
Unknown command.
Unknown command.
Unknown command.
Are you sure you want to abandon this character and quit the game? (Confirm with "yes".)

#...#.#.# ..#.....#.#
..##. #.#.#...#.. ..#..
#.#.#...# .....#.#.#...#
#...#.#.#...#
#...#.#.#.#.#
##....#.#.#.##
#....<..#@...####
..###.#.###........
........)).)...#### #
#####.#.####........#
................###.#
....................# #
#####.#......#..#...#.###
.....####.#..#..##.#..
###.#.....<.........#.##


There were no monsters in sight!

Vanquished Creatures
  A two-headed ogre (D:9)
  2 shadows
  5 yaks (D:10)
  3 wyverns
  A basilisk (D:10)
  A steam dragon (D:8)
  A water moccasin (D:5)
  A black bear (D:6)
  2 sky beasts
  A necrophage (D:7)
  An orc warrior (D:9)
  2 ogres (D:4)
  2 centaurs (D:7)
  Blork the orc (D:4)
  A gnoll sergeant (D:5)
  3 kobold brigands
  2 bullfrogs
  4 scorpions
  A water moccasin zombie (D:9)
  2 wights (D:8)
  6 electric eels (D:9)
  A bullfrog skeleton (D:5)
  5 hounds
  4 jellies
  A gnoll shaman (D:3)
  11 orc priests
  4 orc wizards
  3 killer bee zombies
  A hound skeleton (D:4)
  A howler monkey zombie (D:9)
  Robin (D:3)
  9 gnolls
  8 adders
  3 white imps
  An adder skeleton (D:4)
  5 worms
  4 dart slugs
  28 orcs
  7 ball pythons
  7 endoplasms
  2 giant cockroaches
  15 goblins
  11 hobgoblins
  15 jackals
  5 quokkas
  9 bats
  A frilled lizard (D:1)
  19 kobolds
  12 rats
236 creatures vanquished.

Vanquished Creatures (others)
  A centaur (D:9)
  A wight (D:8)
  16 plants (D:3)
18 creatures vanquished.

Grand Total: 254 creatures vanquished

Notes
Turn   | Place    | Note
-------+----------+-------------------------------------------
     0 | D:1      | tilp the Felid Ice Elementalist began the quest for the
                  | Orb.
     0 | D:1      | Reached XP level 1. HP: 7/7 MP: 4/4
     3 | D:1      | Found a faded altar of an unknown god.
   418 | D:1      | Reached XP level 2. HP: 11/11 MP: 3/6
   984 | D:1      | Reached XP level 3. HP: 14/14 MP: 5/7
   994 | D:1      | Learned a level 3 spell: Frozen Ramparts
  1636 | D:1      | Learned a level 3 spell: Ozocubu's Armour
  1958 | D:2      | Reached XP level 4. HP: 18/18 MP: 7/9
  2982 | D:3      | Reached skill level 5 in Ice Magic
  3010 | D:3      | Reached XP level 5. HP: 6/21 MP: 2/10
  3402 | D:3      | Noticed Robin
  3405 | D:3      | Killed Robin
  3641 | D:3      | Noticed Grinder
  3837 | D:3      | Found Vihus's Distillery.
  3841 | D:3      | Bought a potion of curing for 36 gold pieces
  4211 | D:3      | Gained mutation: You are covered in thick fur. (AC +2)
                  | [Felid growth]
  4211 | D:3      | Reached XP level 6. HP: 22/24 MP: 6/12
  4727 | D:3      | Bought a potion of curing for 36 gold pieces
  4727 | D:3      | Bought a potion of curing for 36 gold pieces
  4853 | D:4      | Got Oxtuwn's Papyrus of Noxious Necromancy
  5242 | D:4      | Reached skill level 1 in Fighting
  5242 | D:4      | Reached skill level 1 in Unarmed Combat
  5497 | D:4      | Noticed Blork the orc
  5514 | D:4      | Killed Blork the orc
  5515 | D:4      | Reached XP level 7. HP: 22/28 MP: 5/14
  5766 | D:4      | You fall into a shaft and drop 2 floors!
  5796 | D:6      | Noticed Duvessa
  5815 | D:6      | Noticed Dowan
  6154 | D:6      | Found an ornate altar of the Wu Jian Council.
  6179 | D:5      | Entered Level 5 of the Dungeon
  6955 | D:5      | Reached skill level 5 in Stealth
  7539 | D:5      | Found a runed translucent gate.
  7540 | D:5      | Found a runed translucent gate.
  7546 | D:5      | Noticed Gwenloh's ghost (novice MfTm)
  7561 | D:5      | Found a runed translucent gate.
  7640 | D:5      | Reached XP level 8. HP: 33/33 MP: 15/15
  7646 | D:5      | Learned a level 4 spell: Hailstorm
  7853 | D:5      | Reached skill level 1 in Conjurations
  8614 | D:5      | Found a staircase to the Ecumenical Temple.
  8875 | Temple   | Entered the Ecumenical Temple
  9163 | Temple   | Became a worshipper of Ru the Awakened
 10361 | D:7      | Found a transporter.
 10362 | D:7      | Noticed a kobold demonologist
 10372 | D:7      | Found a transporter.
 10402 | D:7      | Found a bloodstained altar of Trog.
 10408 | D:7      | Found a shadowy altar of Dithmenos.
 10411 | D:7      | Found a shimmering blue altar of Sif Muna.
 10868 | D:7      | Gained mutation: Your cowardice makes you less effective in
                  | combat with threatening foes. [Ru sacrifice]
 10868 | D:7      | Reached * piety under Ru
 10882 | D:7      | Reached skill level 5 in Spellcasting
 10882 | D:7      | Reached XP level 9. HP: 26/36 MP: 15/17
 11061 | D:7      | Noticed a kobold demonologist
 12215 | D:8      | Reached skill level 5 in Conjurations
 13184 | D:9      | Found a staircase to the Orcish Mines.
 13675 | D:9      | Noticed a two-headed ogre
 13684 | D:9      | HP: 1/36 [two-headed ogre (23)]
 13686 | D:9      | Killed a two-headed ogre
 13687 | D:9      | Reached XP level 10. HP: 2/40 MP: 16/20
 15112 | D:10     | Entered Level 10 of the Dungeon
 15129 | D:10     | Noticed Sonja
 15637 | D:10     | Reached skill level 5 in Unarmed Combat
 15787 | D:10     | Noticed Sonja
 15787 | D:10     | Sonja changed into Sonja the human
 15790 | D:10     | Noticed Sonja
 15790 | D:10     | Sonja the human changed into Sonja the basilisk
 15797 | D:10     | Killed Sonja the basilisk
 15798 | D:10     | Reached skill level 5 in Dodging
 15800 | D:10     | Gained mutation: You are dopey. (Int -2) [Ru sacrifice]
 15800 | D:10     | Reached ** piety under Ru
 15866 | D:10     | Mangled by a troll
 15867 | D:10     | Reached XP level 9. HP: -6/37 MP: 15/19
 15867 | D:10     | Quit the game

Illustrated notes

Levels and vault maps discovered:
D:1:      saegor_arrival_simple_c, layout_loops_ring, basic_ecumenical_altar
D:2:      layout_basic, minmay_fountain_box, minmay_rat_gold_closets
D:3:      minmay_bubble_buster, layout_rooms, serial_shops, shop,
          nicolae_grassy_gnolls, uniq_grinder, uniq_robin
D:4:      layout_cave_pods, chequers_hall_statues_y, kennysheep_generic_room_3,
          uniq_blork_the_orc
D:5:      layout_layer_cave, lemuel_temple_firewalk_b,
          biasface_ghost_orc_armoury, minmay_crystal_water
D:6:      layout_loops_ring, nicolae_overflow_crystal_walls, serial_rivers,
          chequers_serial_rivers_micro_e, chequers_serial_rivers_marsh,
          chequers_serial_rivers_small_3, chequers_serial_rivers_micro_c,
          chequers_serial_rivers_room_a, chequers_serial_rivers_small_b,
          uniq_duvessa
D:7:      gammafunk_wand_slinger, layout_gridville,
          minmay_overflow_temple_star_quad
D:8:      layout_loops_ring
D:9:      layout_basic, serial_co_window_serial, co_window_paths_a,
          co_window_corner_a, co_window_of_opportunity_a, co_window_paths_a,
          co_window_paths_a, co_window_corner_a, co_window_unsneaky_path_b,
          co_window_of_opportunity_c, co_window_broadway_c, co_window_paths_c,
          co_window_corner_ca, co_window_2corner, co_window_corner_cb,
          glass_columns_b, glass_columns_c
D:10:     layout_basic, uniq_grum, uniq_sonja
Temple:   dpeg_five_rooms_temple

Skill      XL: |  1  2  3  4  5  6  7  8  9 10 |
---------------+-------------------------------+-----
Ice Magic      | 4 5 6 7 8 |  8.0
Spellcasting   | 3 4 5 6 |  6.0
Fighting       | 1 2 3 |  3.0
Dodging        | 3 4 5 |  5.0
Stealth        | 3 6 |  6.9
Unarmed Combat | 2 4 5 |  5.2
Conjurations   | 3 7 8 |  8.0

Action                   |  1- 3 |  4- 6 |  7- 9 | 10-12 || total
-------------------------+-------+-------+-------+-------++-------
Melee: Unarmed           |    17 |    72 |   163 |    56 ||   308
       Bite              |     1 |    10 |    17 |     2 ||    30
       Punch             |       |       |     2 |       ||     2
 Cast: Freeze            |    44 |    32 |    26 |     5 ||   107
       Frozen Ramparts   |     4 |    32 |    33 |     7 ||    76
       Ozocubu's Armour  |       |    14 |    35 |     7 ||    56
       Hailstorm         |       |       |    16 |    21 ||    37
Invok: Sacrifice Courage |       |       |     1 |       ||     1
       Sacrifice Purity  |       |       |       |     1 ||     1
Evoke: Wand              |       |       |     5 |     3 ||     8
  Use: Scroll            |       |     2 |    12 |       ||    14
       Potion            |       |     2 |       |     1 ||     3
 Stab: Sleeping          |     7 |     8 |    12 |     1 ||    28
Armor: Skin              |     3 |    17 |    29 |    11 ||    60
Dodge: Dodged            |    45 |    55 |   170 |    35 ||   305

Table legend: (Time is in decaauts)
 A = Elapsed time spent in this place.
 B = Non-inter-level travel time spent in this place.
 C = Inter-level travel time spent in this place.
 D = Time resting spent in this place.
 E = Time spent auto-exploring this place.
 F = Levels seen in this place.
 G = Mean time per level.
                   A        B        C        D        E       F      G
               +--------+--------+--------+--------+--------+-----+--------+
         Total |  14293 |  13770 |    523 |   2771 |   9307 |  11 | 1299.4 |
       Dungeon |  14020 |  13560 |    460 |   2771 |   9108 |  10 | 1402.0 |
        Temple |    272 |    209 |     63 |      0 |    199 |   1 |  272.0 |
               +--------+--------+--------+--------+--------+-----+--------+

Top non-repeatable levels by time:
     D:9: 2778 daAuts
     D:5: 1871 daAuts
     D:3: 1684 daAuts
     D:1: 1526 daAuts
     D:4: 1492 daAuts
     D:2: 1136 daAuts
     D:7: 1088 daAuts
     D:6: 1046 daAuts
     D:8: 984 daAuts
    D:10: 410 daAuts
  Temple: 272 daAuts
